Connexion

Crunch vs Wolves

Created - 13 décembre 2023 at 05:48

Goals
1 2 3 T
Crunch 3 4 1 8
Wolves 1 1 1 3
Shots
1 2 3 T
Crunch 15 12 10 37
Wolves 12 12 7 31

GoalsPenalties
1st period
1. Crunch , Thomas Tynan 22 (Blaine Byron 29, Jean-Christophe Beaudin 17) at 2:53
2. Crunch , Jean-Gabriel Pageau 22 (Garnet Hathaway 5, Aaron Luchuk 4) at 3:01
3. Crunch , Mason Shaw 16 (Jaycob Megna 19, Jean-Gabriel Pageau 38) at 5:56
4. Wolves , Jack Rodewald 12 (Mitchell Vande Sompel 28, Radim Simek 12) at 7:26 (PP)
Paul Bittner (SYR) for Cross-checking (Minor) at 5:57
Jamie Devane (CHI) for Holding (Minor) at 19:46
2nd period
5. Wolves , Gregory Hofmann 14 (Jack Rodewald 22, Ryan Stanton 15) at 5:07
6. Crunch , Jean-Gabriel Pageau 23 (Mason Shaw 26, Connor Corcoran 13) at 6:21
7. Crunch , Mike Vecchione 15 (Jaycob Megna 20, Austin Strand 20) at 8:03
8. Crunch , Mike Vecchione 16 (Austin Strand 21, Jean-Gabriel Pageau 39) at 13:02
9. Crunch , Axel Andersson 3 (Connor Corcoran 14, Thomas Tynan 29) at 19:00 (PP)
Mason Shaw (SYR) for Tripping (Minor) at 9:00
Radim Simek (CHI) for Holding (Minor) at 13:09
Radim Simek (CHI) for Hooking (Minor) at 18:34
Mikko Kokkonen (SYR) for Cross-checking (Minor) at 19:52
3rd period
10. Wolves , Ryan Stanton 4 (Tanner Kero 27, Garrett Mitchell 27) at 0:37 (PP)
11. Crunch , Blaine Byron 11 (Austin Strand 22, Thomas Tynan 30) at 6:30
Artur Gavrus (CHI) for Roughing (Minor) at 7:59
Jamie Devane (CHI) for Hooking (Minor) at 19:27
Goalie Stats
Anthony Stolarz (SYR), 28 saves from 31 shots - (0,903), W, 26-16-3, 60:00 minutes
Brandon Halverson (CHI), 11 saves from 15 shots - (0,733), 20:09 minutes
Felix Sandström (CHI), 18 saves from 22 shots - (0,818), L, 23-13-3, 39:51 minutes
3 StarsOfficial
1 - Jean-Gabriel Pageau (SYR)
2 - Mike Vecchione (SYR)
3 - Thomas Tynan (SYR)
Referees : Mike Hasenfratz and Gord Dwyer
Linesman : Mark Shewchyk and Don Henderson
Game Note
Brandon Halverson enters game at 6:21 of 2nd period
Felix Sandström enters game at 6:30 of 3rd period
Finance
Level 1 -- Attendance: 1027 (51,35%) -- Ticket Income $61,620
Level 2 -- Attendance: 346 (34,60%) -- Ticket Income $17,300
Total Attendance: 1373 (45,77%)
Total Ticket Income: $78,920
Other Income: $15,784
Total Income: $94,704



Team Name Goals Shots Shots Attemp Shots Blocked PIM HIT PP PK FO%
Crunch 8376946191 / 5 (20%)251%
Wolves 331611110292 / 3 (67%)149%

Crunch
Player Name POS G A P +/- PIM HIT SHT SB MP PP MP PP SHT PK MP PK SHT FO% FOT
Aaron LuchukC011100007:020:0000:00020% 5
Austin StrandD0334010124:083:0802:3700% 0
Axel AnderssonD1012002021:443:4711:3600% 0
Blaine ByronC/LW1121002118:273:4700:000100% 1
Connor CorcoranD0222052021:443:4721:3600% 0
Garnet HathawayRW011100008:090:0001:0700% 0
Jaycob MegnaD0224011124:083:0802:3700% 0
Jean-Christophe BeaudinC/RW0111014018:523:4730:2500% 0
Jean-Gabriel PageauC2245025126:333:0803:23041% 34
Kody ClarkRW0000003014:100:0000:0000% 0
Mason ShawC/LW1124213016:073:0800:000100% 1
Mike VecchioneC/RW2024005016:333:0810:25050% 2
Mikko KokkonenD0000220014:070:0000:0000% 0
Nicolas Aube-KubelRW000000000:000:0000:0000% 0
Patrick HarperC/LW0000004014:100:0000:00031% 16
Paul BittnerLW0000222014:090:0000:0000% 0
Thomas TynanC1231044021:333:4713:06073% 33
Xavier BouchardD0000000014:080:0000:0000% 0
Wolves
Player Name POS G A P +/- PIM HIT SHT SB MP PP MP PP SHT PK MP PK SHT FO% FOT
Adam HelewkaLW000-101007:030:0000:0000% 1
Artur GavrusC/LW000-2202010:520:0000:0000% 0
Brett SeneyLW000-1031123:352:2104:24053% 15
David CottonC000-100207:560:0000:53044% 9
Garrett MitchellRW011-2003015:581:5210:0000% 0
Gregory HofmannC/LW101-1043023:302:2114:19052% 29
Jack RodewaldRW112-1066020:572:2141:46020% 5
Jamie DevaneLW000-2455015:561:5220:0000% 2
Jens LookeLW/RW000-100107:450:0000:4200% 0
Louie BelpedioD000-1011218:060:0002:0300% 0
Mark JankowskiC000-2000010:530:0000:00070% 10
Matt TennysonD000-2000119:501:5902:4800% 0
Mitchell Vande SompelD011-3002323:392:1423:1900% 0
Radim SimekD011-3460322:242:1402:2600% 0
Ryan StantonD112-2032120:291:5923:1400% 0
Scott KosmachukRW000-2001010:530:0000:0000% 0
Tanner KeroC/LW011-2002017:441:5211:46048% 21
Tommy CrossD000-1000015:300:0000:0000% 0



Play-by-Play

1st period


0:01 of 1st period - Brett Seney wins face-off versus Jean-Gabriel Pageau in neutral zone.
0:05 of 1st period - Off-side.
0:06 of 1st period - Tanner Kero wins face-off versus Thomas Tynan in neutral zone.
0:11 of 1st period - Ryan Stanton is hit by Connor Corcoran and loses puck.
0:15 of 1st period - Garrett Mitchell is hit by Connor Corcoran.
1:21 of 1st period - Shot by Mason Shaw.
1:21 of 1st period - Stopped by Felix Sandström without a rebound.
1:22 of 1st period - Patrick Harper wins face-off versus Jack Rodewald in Wolves zone.
1:32 of 1st period - Kody Clark is hit by Radim Simek and loses puck.
1:35 of 1st period - Shot by Mikko Kokkonen.
1:35 of 1st period - Shot Misses the Net.
1:37 of 1st period - Shot by Mikko Kokkonen.
1:37 of 1st period - Shot Blocked by Mitchell Vande Sompel.
2:11 of 1st period - Icing by Brett Seney.
2:12 of 1st period - Jack Rodewald wins face-off versus Jean-Gabriel Pageau in Wolves zone.
2:31 of 1st period - Shot by Jean-Gabriel Pageau.
2:31 of 1st period - Stopped by Felix Sandström without a rebound.
2:32 of 1st period - David Cotton wins face-off versus Thomas Tynan in Wolves zone.
2:48 of 1st period - Thomas Tynan is hit by Louie Belpedio and loses puck.
2:53 of 1st period - Shot by Thomas Tynan.
2:53 of 1st period - Goal by Thomas Tynan - Crunch : 1 - Wolves : 0.
2:54 of 1st period - Aaron Luchuk wins face-off versus Mark Jankowski in neutral zone.
3:01 of 1st period - Shot by Garnet Hathaway.
3:01 of 1st period - Deflect By Jean-Gabriel Pageau.
3:01 of 1st period - Goal by Jean-Gabriel Pageau - Crunch : 2 - Wolves : 0.
3:02 of 1st period - Jean-Gabriel Pageau wins face-off versus Mark Jankowski in neutral zone.
3:07 of 1st period - Shot by Mason Shaw.
3:07 of 1st period - Shot Misses the Net.
3:11 of 1st period - Shot by Mike Vecchione.
3:11 of 1st period - Shot Blocked by Radim Simek.
3:16 of 1st period - Icing by Radim Simek.
3:17 of 1st period - Mark Jankowski wins face-off versus Patrick Harper in Wolves zone.
3:44 of 1st period - Radim Simek is hit by Paul Bittner and loses puck.
3:49 of 1st period - Shot by Patrick Harper.
3:49 of 1st period - Shot Blocked by Radim Simek.
3:51 of 1st period - Shot by Paul Bittner.
3:51 of 1st period - Shot Blocked by Radim Simek.
4:22 of 1st period - Shot by Mike Vecchione.
4:22 of 1st period - Stopped by Felix Sandström without a rebound.
4:23 of 1st period - Thomas Tynan wins face-off versus Gregory Hofmann in Wolves zone.
4:34 of 1st period - Shot by Thomas Tynan.
4:34 of 1st period - Deflect By Blaine Byron.
4:34 of 1st period - Stopped by Felix Sandström with a rebound.
4:59 of 1st period - Axel Andersson is hit by Jack Rodewald.
5:28 of 1st period - Axel Andersson is hit by Jamie Devane and loses puck.
5:52 of 1st period - Shot by Jean-Gabriel Pageau.
5:52 of 1st period - Shot Misses the Net.
5:54 of 1st period - Shot by Jaycob Megna.
5:54 of 1st period - Shot Blocked by Ryan Stanton.
5:56 of 1st period - Shot by Mason Shaw.
5:56 of 1st period - Goal by Mason Shaw - Crunch : 3 - Wolves : 0.
5:57 of 1st period - David Cotton wins face-off versus Patrick Harper in neutral zone.
5:57 of 1st period - Minor Penalty to Paul Bittner for Cross-checking.
5:58 of 1st period - Gregory Hofmann wins face-off versus Jean-Gabriel Pageau in Crunch zone.
6:01 of 1st period - Shot by Mitchell Vande Sompel.
6:01 of 1st period - Shot Misses the Net.
6:19 of 1st period - Thomas Tynan is hit by Gregory Hofmann and loses puck.
6:24 of 1st period - Shot by Jack Rodewald.
6:24 of 1st period - Stopped by Anthony Stolarz with a rebound.
6:26 of 1st period - Shot by Jack Rodewald.
6:26 of 1st period - Stopped by Anthony Stolarz without a rebound.
6:27 of 1st period - Jean-Gabriel Pageau wins face-off versus Jamie Devane in Crunch zone.
6:27 of 1st period - Jean-Gabriel Pageau is hit by Jamie Devane.
6:52 of 1st period - Shot by Jamie Devane.
6:52 of 1st period - Shot Misses the Net.
6:54 of 1st period - Shot by Garrett Mitchell.
6:54 of 1st period - Deflect By Jamie Devane.
6:54 of 1st period - Stopped by Anthony Stolarz with a rebound.
6:56 of 1st period - Shot by Tanner Kero.
6:56 of 1st period - Stopped by Anthony Stolarz without a rebound.
6:57 of 1st period - Gregory Hofmann wins face-off versus Mike Vecchione in Crunch zone.
7:06 of 1st period - Shot by Gregory Hofmann.
7:06 of 1st period - Deflect By Jack Rodewald.
7:06 of 1st period - Stopped by Anthony Stolarz without a rebound.
7:07 of 1st period - Jean-Gabriel Pageau wins face-off versus Brett Seney in Crunch zone.
7:24 of 1st period - Shot by Mitchell Vande Sompel.
7:24 of 1st period - Shot Misses the Net.
7:26 of 1st period - Shot by Jack Rodewald.
7:26 of 1st period - Goal by Jack Rodewald - Crunch : 3 - Wolves : 1.
7:27 of 1st period - Patrick Harper wins face-off versus David Cotton in neutral zone.
7:27 of 1st period - Mikko Kokkonen is hit by Adam Helewka and loses puck.
7:41 of 1st period - Shot by Patrick Harper.
7:41 of 1st period - Stopped by Felix Sandström without a rebound.
7:42 of 1st period - Gregory Hofmann wins face-off versus Jean-Gabriel Pageau in Wolves zone.
7:59 of 1st period - Shot by Brett Seney.
7:59 of 1st period - Deflect By Gregory Hofmann.
7:59 of 1st period - Stopped by Anthony Stolarz with a rebound.
8:01 of 1st period - Shot by Jack Rodewald.
8:01 of 1st period - Stopped by Anthony Stolarz without a rebound.
8:02 of 1st period - Thomas Tynan wins face-off versus Tanner Kero in Crunch zone.
8:21 of 1st period - Shot by Garrett Mitchell.
8:21 of 1st period - Stopped by Anthony Stolarz without a rebound.
8:22 of 1st period - Jean-Gabriel Pageau wins face-off versus Gregory Hofmann in Crunch zone.
8:22 of 1st period - Mike Vecchione is hit by Gregory Hofmann and loses puck.
8:31 of 1st period - Jaycob Megna is hit by Brett Seney.
8:50 of 1st period - Off-side.
8:51 of 1st period - David Cotton wins face-off versus Patrick Harper in neutral zone.
9:24 of 1st period - Shot by Adam Helewka.
9:24 of 1st period - Deflect By Jens Looke.
9:24 of 1st period - Stopped by Anthony Stolarz without a rebound.
9:25 of 1st period - Gregory Hofmann wins face-off versus Jean-Gabriel Pageau in Crunch zone.
9:29 of 1st period - Gregory Hofmann is hit by Austin Strand.
11:15 of 1st period - Shot by Paul Bittner.
11:15 of 1st period - Stopped by Felix Sandström with a rebound.
11:17 of 1st period - Shot by Paul Bittner.
11:17 of 1st period - Stopped by Felix Sandström without a rebound.
11:18 of 1st period - Tanner Kero wins face-off versus Aaron Luchuk in Wolves zone.
12:23 of 1st period - Shot by Patrick Harper.
12:23 of 1st period - Shot Blocked by Louie Belpedio.
12:29 of 1st period - Shot by Kody Clark.
12:29 of 1st period - Stopped by Felix Sandström without a rebound.
12:30 of 1st period - Thomas Tynan wins face-off versus Adam Helewka in Wolves zone.
12:39 of 1st period - Shot by Jean-Christophe Beaudin.
12:39 of 1st period - Stopped by Felix Sandström with a rebound.
13:45 of 1st period - Shot by Artur Gavrus.
13:45 of 1st period - Stopped by Anthony Stolarz with a rebound.
14:47 of 1st period - Garrett Mitchell is hit by Thomas Tynan and loses puck.
15:55 of 1st period - Shot by David Cotton.
15:55 of 1st period - Shot Misses the Net.
16:05 of 1st period - Shot by Jens Looke.
16:05 of 1st period - Shot Misses the Net.
16:07 of 1st period - Shot by Jens Looke.
16:07 of 1st period - Deflect By David Cotton.
16:07 of 1st period - Shot Misses the Net.
16:09 of 1st period - Shot by Jens Looke.
16:09 of 1st period - Shot Misses the Net.
16:42 of 1st period - Off-side.
16:43 of 1st period - Mark Jankowski wins face-off versus Thomas Tynan in neutral zone.
17:18 of 1st period - Icing by Jean-Christophe Beaudin.
17:19 of 1st period - Gregory Hofmann wins face-off versus Thomas Tynan in Crunch zone.
17:20 of 1st period - Shot by Brett Seney.
17:20 of 1st period - Stopped by Anthony Stolarz without a rebound.
17:21 of 1st period - Gregory Hofmann wins face-off versus Patrick Harper in Crunch zone.
17:40 of 1st period - Shot by Kody Clark.
17:40 of 1st period - Stopped by Felix Sandström with a rebound.
17:42 of 1st period - Shot by Austin Strand.
17:42 of 1st period - Shot Misses the Net.
17:48 of 1st period - Shot by Kody Clark.
17:48 of 1st period - Shot Misses the Net.
17:50 of 1st period - Shot by Jaycob Megna.
17:50 of 1st period - Stopped by Felix Sandström without a rebound.
17:51 of 1st period - Thomas Tynan wins face-off versus Tanner Kero in Wolves zone.
18:10 of 1st period - Shot by Tanner Kero.
18:10 of 1st period - Shot Misses the Net.
18:33 of 1st period - Icing by Connor Corcoran.
18:34 of 1st period - Thomas Tynan wins face-off versus Gregory Hofmann in Crunch zone.
18:38 of 1st period - Icing by Jean-Christophe Beaudin.
18:39 of 1st period - Thomas Tynan wins face-off versus Gregory Hofmann in Crunch zone.
18:39 of 1st period - Thomas Tynan is hit by Jack Rodewald.
18:54 of 1st period - Shot by Gregory Hofmann.
18:54 of 1st period - Shot Misses the Net.
19:02 of 1st period - Shot by Gregory Hofmann.
19:02 of 1st period - Shot Misses the Net.
19:04 of 1st period - Shot by Mitchell Vande Sompel.
19:04 of 1st period - Shot Misses the Net.
19:15 of 1st period - Jack Rodewald is hit by Connor Corcoran.
19:39 of 1st period - Shot by Mason Shaw.
19:39 of 1st period - Stopped by Felix Sandström without a rebound.
19:40 of 1st period - Tanner Kero wins face-off versus Jean-Gabriel Pageau in Wolves zone.
19:46 of 1st period - Minor Penalty to Jamie Devane for Holding.
19:47 of 1st period - Brett Seney wins face-off versus Jean-Gabriel Pageau in Wolves zone.
Goals for this period are 3 for Crunch vs 1 for Wolves.
Shots for this period are 15 for Crunch vs 12 for Wolves.

2nd period


0:01 of 2nd period - Brett Seney wins face-off versus Jean-Gabriel Pageau in neutral zone.
0:06 of 2nd period - Icing by Mike Vecchione.
0:07 of 2nd period - Brett Seney wins face-off versus Jean-Gabriel Pageau in Crunch zone.
1:02 of 2nd period - Shot by Jean-Christophe Beaudin.
1:02 of 2nd period - Shot Misses the Net.
1:04 of 2nd period - Shot by Thomas Tynan.
1:04 of 2nd period - Deflect By Blaine Byron.
1:04 of 2nd period - Shot Misses the Net.
1:06 of 2nd period - Shot by Jean-Christophe Beaudin.
1:06 of 2nd period - Stopped by Felix Sandström without a rebound.
1:07 of 2nd period - Thomas Tynan wins face-off versus Jack Rodewald in Wolves zone.
1:23 of 2nd period - Icing by Thomas Tynan.
1:24 of 2nd period - Thomas Tynan wins face-off versus Brett Seney in Crunch zone.
1:24 of 2nd period - Thomas Tynan is hit by Brett Seney.
1:40 of 2nd period - Icing by Blaine Byron.
1:41 of 2nd period - Thomas Tynan wins face-off versus Jack Rodewald in Crunch zone.
1:48 of 2nd period - Shot by Blaine Byron.
1:48 of 2nd period - Shot Misses the Net.
2:29 of 2nd period - Icing by Jaycob Megna.
2:30 of 2nd period - Jean-Gabriel Pageau wins face-off versus Tanner Kero in Crunch zone.
3:41 of 2nd period - Shot by Jack Rodewald.
3:41 of 2nd period - Shot Misses the Net.
3:43 of 2nd period - Shot by Brett Seney.
3:43 of 2nd period - Shot Misses the Net.
3:45 of 2nd period - Shot by Jack Rodewald.
3:45 of 2nd period - Shot Misses the Net.
3:52 of 2nd period - Shot by Jack Rodewald.
3:52 of 2nd period - Stopped by Anthony Stolarz without a rebound.
3:53 of 2nd period - Mark Jankowski wins face-off versus Aaron Luchuk in Crunch zone.
5:05 of 2nd period - Shot by Jack Rodewald.
5:05 of 2nd period - Shot Blocked by Blaine Byron.
5:07 of 2nd period - Shot by Gregory Hofmann.
5:07 of 2nd period - Goal by Gregory Hofmann - Crunch : 3 - Wolves : 2.
5:08 of 2nd period - Jean-Gabriel Pageau wins face-off versus Tanner Kero in neutral zone.
5:33 of 2nd period - Shot by Jamie Devane.
5:33 of 2nd period - Stopped by Anthony Stolarz without a rebound.
5:34 of 2nd period - Thomas Tynan wins face-off versus Gregory Hofmann in Crunch zone.
5:34 of 2nd period - Thomas Tynan is hit by Gregory Hofmann.
5:39 of 2nd period - Off-side.
5:40 of 2nd period - Thomas Tynan wins face-off versus Gregory Hofmann in neutral zone.
5:42 of 2nd period - Off-side.
5:43 of 2nd period - Gregory Hofmann wins face-off versus Thomas Tynan in neutral zone.
5:43 of 2nd period - Brett Seney is hit by Thomas Tynan.
5:44 of 2nd period - Off-side.
5:45 of 2nd period - Gregory Hofmann wins face-off versus Thomas Tynan in neutral zone.
5:45 of 2nd period - Gregory Hofmann is hit by Thomas Tynan.
6:03 of 2nd period - Icing by Radim Simek.
6:04 of 2nd period - Jean-Gabriel Pageau wins face-off versus Gregory Hofmann in Wolves zone.
6:19 of 2nd period - Shot by Jean-Gabriel Pageau.
6:19 of 2nd period - Shot Misses the Net.
6:21 of 2nd period - Shot by Jean-Gabriel Pageau.
6:21 of 2nd period - Goal by Jean-Gabriel Pageau - Crunch : 4 - Wolves : 2.
6:21 of 2nd period - Brandon Halverson enters game.
6:22 of 2nd period - Thomas Tynan wins face-off versus Tanner Kero in neutral zone.
6:28 of 2nd period - Icing by Matt Tennyson.
6:29 of 2nd period - Jean-Gabriel Pageau wins face-off versus Tanner Kero in Wolves zone.
6:33 of 2nd period - Icing by Ryan Stanton.
6:34 of 2nd period - Tanner Kero wins face-off versus Jean-Gabriel Pageau in Wolves zone.
6:34 of 2nd period - Tanner Kero is hit by Jean-Gabriel Pageau.
6:53 of 2nd period - Shot by Jean-Gabriel Pageau.
6:53 of 2nd period - Stopped by Brandon Halverson with a rebound.
6:55 of 2nd period - Shot by Mike Vecchione.
6:55 of 2nd period - Shot Misses the Net.
6:57 of 2nd period - Shot by Jean-Gabriel Pageau.
6:57 of 2nd period - Deflect By Mike Vecchione.
6:57 of 2nd period - Stopped by Brandon Halverson without a rebound.
6:58 of 2nd period - Thomas Tynan wins face-off versus Gregory Hofmann in Wolves zone.
6:58 of 2nd period - Connor Corcoran is hit by Radim Simek and loses puck.
7:22 of 2nd period - Thomas Tynan is hit by Radim Simek and loses puck.
7:59 of 2nd period - Shot by Mike Vecchione.
7:59 of 2nd period - Shot Misses the Net.
8:03 of 2nd period - Shot by Mike Vecchione.
8:03 of 2nd period - Goal by Mike Vecchione - Crunch : 5 - Wolves : 2.
8:04 of 2nd period - Tanner Kero wins face-off versus Patrick Harper in neutral zone.
8:11 of 2nd period - Shot by Jamie Devane.
8:11 of 2nd period - Stopped by Anthony Stolarz with a rebound.
8:13 of 2nd period - Shot by Matt Tennyson.
8:13 of 2nd period - Shot Misses the Net.
8:15 of 2nd period - Shot by Tanner Kero.
8:15 of 2nd period - Stopped by Anthony Stolarz without a rebound.
8:16 of 2nd period - David Cotton wins face-off versus Jean-Gabriel Pageau in Crunch zone.
8:16 of 2nd period - David Cotton is hit by Jaycob Megna.
9:00 of 2nd period - Minor Penalty to Mason Shaw for Tripping.
9:01 of 2nd period - Tanner Kero wins face-off versus Jean-Gabriel Pageau in Crunch zone.
9:08 of 2nd period - Shot by Ryan Stanton.
9:08 of 2nd period - Stopped by Anthony Stolarz with a rebound.
9:19 of 2nd period - Off-side.
9:20 of 2nd period - Jean-Gabriel Pageau wins face-off versus Gregory Hofmann in neutral zone.
9:54 of 2nd period - Shot by Mitchell Vande Sompel.
9:54 of 2nd period - Stopped by Anthony Stolarz with a rebound.
9:56 of 2nd period - Shot by Mitchell Vande Sompel.
9:56 of 2nd period - Stopped by Anthony Stolarz without a rebound.
9:57 of 2nd period - Mike Vecchione wins face-off versus Tanner Kero in Crunch zone.
9:57 of 2nd period - Mike Vecchione is hit by Jamie Devane.
10:15 of 2nd period - Shot by Tanner Kero.
10:15 of 2nd period - Deflect By Jamie Devane.
10:15 of 2nd period - Shot Blocked by Jean-Gabriel Pageau.
10:17 of 2nd period - Shot by Ryan Stanton.
10:17 of 2nd period - Shot Blocked by Jaycob Megna.
10:34 of 2nd period - Shot by Jamie Devane.
10:34 of 2nd period - Stopped by Anthony Stolarz with a rebound.
11:02 of 2nd period - Shot by Gregory Hofmann.
11:02 of 2nd period - Shot Misses the Net.
11:19 of 2nd period - Shot by Kody Clark.
11:19 of 2nd period - Deflect By Patrick Harper.
11:19 of 2nd period - Stopped by Brandon Halverson without a rebound.
11:20 of 2nd period - Patrick Harper wins face-off versus David Cotton in Wolves zone.
11:37 of 2nd period - Shot by Kody Clark.
11:37 of 2nd period - Shot Misses the Net.
12:21 of 2nd period - Icing by Jack Rodewald.
12:22 of 2nd period - Gregory Hofmann wins face-off versus Jean-Gabriel Pageau in Wolves zone.
12:28 of 2nd period - Off-side.
12:29 of 2nd period - Tanner Kero wins face-off versus Jean-Gabriel Pageau in neutral zone.
12:55 of 2nd period - Jean-Gabriel Pageau is hit by Ryan Stanton and loses puck.
13:00 of 2nd period - Shot by Mike Vecchione.
13:00 of 2nd period - Shot Hit the Post.
13:02 of 2nd period - Shot by Mike Vecchione.
13:02 of 2nd period - Goal by Mike Vecchione - Crunch : 6 - Wolves : 2.
13:03 of 2nd period - Thomas Tynan wins face-off versus Gregory Hofmann in neutral zone.
13:09 of 2nd period - Minor Penalty to Radim Simek for Holding.
13:10 of 2nd period - Thomas Tynan wins face-off versus Brett Seney in Wolves zone.
13:19 of 2nd period - Shot by Thomas Tynan.
13:19 of 2nd period - Shot Blocked by Mitchell Vande Sompel.
13:21 of 2nd period - Shot by Thomas Tynan.
13:21 of 2nd period - Stopped by Brandon Halverson without a rebound.
13:22 of 2nd period - Thomas Tynan wins face-off versus Brett Seney in Wolves zone.
13:27 of 2nd period - Shot by Blaine Byron.
13:27 of 2nd period - Shot Blocked by Mitchell Vande Sompel.
13:29 of 2nd period - Shot by Jean-Christophe Beaudin.
13:29 of 2nd period - Stopped by Brandon Halverson without a rebound.
13:30 of 2nd period - Brett Seney wins face-off versus Jean-Gabriel Pageau in Wolves zone.
14:24 of 2nd period - Icing by Thomas Tynan.
14:25 of 2nd period - Thomas Tynan wins face-off versus Jack Rodewald in Crunch zone.
14:25 of 2nd period - Thomas Tynan is hit by Jack Rodewald.
14:40 of 2nd period - Shot by Axel Andersson.
14:40 of 2nd period - Shot Blocked by Louie Belpedio.
14:42 of 2nd period - Shot by Jean-Christophe Beaudin.
14:42 of 2nd period - Stopped by Brandon Halverson with a rebound.
15:04 of 2nd period - Shot by Axel Andersson.
15:04 of 2nd period - Shot Misses the Net.
16:23 of 2nd period - Shot by David Cotton.
16:23 of 2nd period - Stopped by Anthony Stolarz with a rebound.
16:25 of 2nd period - Shot by David Cotton.
16:25 of 2nd period - Stopped by Anthony Stolarz with a rebound.
16:27 of 2nd period - Shot by Mitchell Vande Sompel.
16:27 of 2nd period - Shot Misses the Net.
16:47 of 2nd period - Louie Belpedio is hit by Jean-Gabriel Pageau and loses puck.
16:56 of 2nd period - Jack Rodewald is hit by Mason Shaw and loses puck.
18:15 of 2nd period - Aaron Luchuk is hit by Radim Simek.
18:34 of 2nd period - Minor Penalty to Radim Simek for Hooking.
18:35 of 2nd period - Thomas Tynan wins face-off versus Brett Seney in Wolves zone.
18:58 of 2nd period - Shot by Connor Corcoran.
18:58 of 2nd period - Stopped by Brandon Halverson with a rebound.
19:00 of 2nd period - Shot by Axel Andersson.
19:00 of 2nd period - Goal by Axel Andersson - Crunch : 7 - Wolves : 2.
19:01 of 2nd period - Tanner Kero wins face-off versus Patrick Harper in neutral zone.
19:04 of 2nd period - Shot by Garrett Mitchell.
19:04 of 2nd period - Stopped by Anthony Stolarz without a rebound.
19:05 of 2nd period - Tanner Kero wins face-off versus Patrick Harper in Crunch zone.
19:10 of 2nd period - Shot by Louie Belpedio.
19:10 of 2nd period - Shot Misses the Net.
19:12 of 2nd period - Shot by Garrett Mitchell.
19:12 of 2nd period - Shot Misses the Net.
19:16 of 2nd period - Shot by Tommy Cross.
19:16 of 2nd period - Shot Blocked by Austin Strand.
19:37 of 2nd period - Off-side.
19:38 of 2nd period - Gregory Hofmann wins face-off versus Jean-Gabriel Pageau in neutral zone.
19:47 of 2nd period - Shot by Jack Rodewald.
19:47 of 2nd period - Shot Hit the Post.
19:52 of 2nd period - Minor Penalty to Mikko Kokkonen for Cross-checking.
19:53 of 2nd period - Jean-Gabriel Pageau wins face-off versus Gregory Hofmann in Crunch zone.
Goals for this period are 4 for Crunch vs 1 for Wolves.
Shots for this period are 12 for Crunch vs 12 for Wolves.

3rd period


0:01 of 3rd period - Jean-Gabriel Pageau wins face-off versus Gregory Hofmann in neutral zone.
0:16 of 3rd period - Shot by Gregory Hofmann.
0:16 of 3rd period - Shot Misses the Net.
0:18 of 3rd period - Shot by Gregory Hofmann.
0:18 of 3rd period - Stopped by Anthony Stolarz without a rebound.
0:19 of 3rd period - Jean-Gabriel Pageau wins face-off versus Jamie Devane in Crunch zone.
0:33 of 3rd period - Shot by Garrett Mitchell.
0:33 of 3rd period - Stopped by Anthony Stolarz with a rebound.
0:35 of 3rd period - Shot by Tanner Kero.
0:35 of 3rd period - Shot Misses the Net.
0:37 of 3rd period - Shot by Ryan Stanton.
0:37 of 3rd period - Goal by Ryan Stanton - Crunch : 7 - Wolves : 3.
0:38 of 3rd period - Gregory Hofmann wins face-off versus Patrick Harper in neutral zone.
0:56 of 3rd period - Off-side.
0:57 of 3rd period - Jean-Gabriel Pageau wins face-off versus Tanner Kero in neutral zone.
1:07 of 3rd period - Icing by Matt Tennyson.
1:08 of 3rd period - Thomas Tynan wins face-off versus Tanner Kero in Wolves zone.
1:20 of 3rd period - Tanner Kero is hit by Jean-Christophe Beaudin.
1:39 of 3rd period - Shot by Thomas Tynan.
1:39 of 3rd period - Stopped by Brandon Halverson with a rebound.
1:58 of 3rd period - Icing by Connor Corcoran.
1:59 of 3rd period - Thomas Tynan wins face-off versus Gregory Hofmann in Crunch zone.
2:44 of 3rd period - Off-side.
2:45 of 3rd period - Mark Jankowski wins face-off versus Jean-Gabriel Pageau in neutral zone.
3:05 of 3rd period - Shot by Artur Gavrus.
3:05 of 3rd period - Shot Misses the Net.
3:53 of 3rd period - Shot by Kody Clark.
3:53 of 3rd period - Shot Misses the Net.
3:55 of 3rd period - Shot by Patrick Harper.
3:55 of 3rd period - Stopped by Brandon Halverson without a rebound.
3:56 of 3rd period - Gregory Hofmann wins face-off versus Patrick Harper in Wolves zone.
5:36 of 3rd period - Shot by Louie Belpedio.
5:36 of 3rd period - Stopped by Anthony Stolarz without a rebound.
5:37 of 3rd period - Thomas Tynan wins face-off versus David Cotton in Crunch zone.
5:48 of 3rd period - Adam Helewka is hit by Thomas Tynan and loses puck.
5:53 of 3rd period - Shot by Thomas Tynan.
5:53 of 3rd period - Stopped by Brandon Halverson without a rebound.
5:54 of 3rd period - Patrick Harper wins face-off versus Gregory Hofmann in Wolves zone.
6:03 of 3rd period - Shot by Kody Clark.
6:03 of 3rd period - Shot Misses the Net.
6:05 of 3rd period - Shot by Kody Clark.
6:05 of 3rd period - Shot Blocked by Brett Seney.
6:07 of 3rd period - Shot by Patrick Harper.
6:07 of 3rd period - Stopped by Brandon Halverson without a rebound.
6:08 of 3rd period - Mark Jankowski wins face-off versus Thomas Tynan in Wolves zone.
6:30 of 3rd period - Shot by Blaine Byron.
6:30 of 3rd period - Goal by Blaine Byron - Crunch : 8 - Wolves : 3.
6:30 of 3rd period - Felix Sandström enters game.
6:31 of 3rd period - Gregory Hofmann wins face-off versus Patrick Harper in neutral zone.
6:44 of 3rd period - Jack Rodewald is hit by Mikko Kokkonen.
6:50 of 3rd period - Shot by Brett Seney.
6:50 of 3rd period - Shot Misses the Net.
6:52 of 3rd period - Shot by Gregory Hofmann.
6:52 of 3rd period - Shot Misses the Net.
7:25 of 3rd period - Garrett Mitchell is hit by Mikko Kokkonen and loses puck.
7:46 of 3rd period - Shot by Tanner Kero.
7:46 of 3rd period - Shot Misses the Net.
7:59 of 3rd period - Minor Penalty to Artur Gavrus for Roughing.
8:00 of 3rd period - Brett Seney wins face-off versus Jean-Gabriel Pageau in Wolves zone.
8:15 of 3rd period - Shot by Austin Strand.
8:15 of 3rd period - Shot Misses the Net.
8:21 of 3rd period - Shot by Mike Vecchione.
8:21 of 3rd period - Stopped by Felix Sandström without a rebound.
8:22 of 3rd period - Thomas Tynan wins face-off versus Brett Seney in Wolves zone.
11:14 of 3rd period - Shot by Axel Andersson.
11:14 of 3rd period - Stopped by Felix Sandström without a rebound.
11:15 of 3rd period - Thomas Tynan wins face-off versus David Cotton in Wolves zone.
11:15 of 3rd period - Blaine Byron is hit by Radim Simek and loses puck.
12:14 of 3rd period - David Cotton is hit by Paul Bittner and loses puck.
12:29 of 3rd period - Shot by Patrick Harper.
12:29 of 3rd period - Shot Misses the Net.
12:31 of 3rd period - Shot by Patrick Harper.
12:31 of 3rd period - Shot Misses the Net.
12:33 of 3rd period - Shot by Kody Clark.
12:33 of 3rd period - Deflect By Patrick Harper.
12:33 of 3rd period - Shot Misses the Net.
13:34 of 3rd period - Thomas Tynan is hit by Jack Rodewald and loses puck.
13:39 of 3rd period - Jean-Christophe Beaudin is hit by Jack Rodewald and loses puck.
14:24 of 3rd period - Shot by Patrick Harper.
14:24 of 3rd period - Shot Misses the Net.
14:47 of 3rd period - Off-side.
14:48 of 3rd period - Mark Jankowski wins face-off versus Jean-Gabriel Pageau in neutral zone.
15:05 of 3rd period - Shot by Artur Gavrus.
15:05 of 3rd period - Stopped by Anthony Stolarz without a rebound.
15:06 of 3rd period - Gregory Hofmann wins face-off versus Aaron Luchuk in Crunch zone.
15:12 of 3rd period - Garnet Hathaway is hit by Brett Seney and loses puck.
15:24 of 3rd period - Jean-Gabriel Pageau is hit by Ryan Stanton and loses puck.
15:35 of 3rd period - Shot by Jean-Gabriel Pageau.
15:35 of 3rd period - Stopped by Felix Sandström without a rebound.
15:36 of 3rd period - Mark Jankowski wins face-off versus Thomas Tynan in Wolves zone.
15:46 of 3rd period - Shot by Scott Kosmachuk.
15:46 of 3rd period - Stopped by Anthony Stolarz without a rebound.
15:47 of 3rd period - Tanner Kero wins face-off versus Patrick Harper in Crunch zone.
16:04 of 3rd period - Shot by Jamie Devane.
16:04 of 3rd period - Stopped by Anthony Stolarz without a rebound.
16:05 of 3rd period - Brett Seney wins face-off versus Jean-Gabriel Pageau in Crunch zone.
16:54 of 3rd period - Icing by Austin Strand.
16:55 of 3rd period - Jean-Gabriel Pageau wins face-off versus Tanner Kero in Crunch zone.
16:55 of 3rd period - Mike Vecchione is hit by Jamie Devane and loses puck.
17:09 of 3rd period - Icing by Tanner Kero.
17:10 of 3rd period - Thomas Tynan wins face-off versus Tanner Kero in Wolves zone.
17:10 of 3rd period - Thomas Tynan is hit by Radim Simek.
17:23 of 3rd period - Jean-Christophe Beaudin is hit by Jamie Devane and loses puck.
17:31 of 3rd period - Jamie Devane is hit by Connor Corcoran and loses puck.
17:39 of 3rd period - Garrett Mitchell is hit by Connor Corcoran and loses puck.
17:59 of 3rd period - Icing by Ryan Stanton.
18:00 of 3rd period - Patrick Harper wins face-off versus Mark Jankowski in Wolves zone.
18:04 of 3rd period - Kody Clark is hit by Ryan Stanton and loses puck.
18:07 of 3rd period - Shot by Patrick Harper.
18:07 of 3rd period - Deflect By Kody Clark.
18:07 of 3rd period - Shot Blocked by Matt Tennyson.
18:11 of 3rd period - Shot by Patrick Harper.
18:11 of 3rd period - Deflect By Kody Clark.
18:11 of 3rd period - Stopped by Felix Sandström without a rebound.
18:12 of 3rd period - Gregory Hofmann wins face-off versus Aaron Luchuk in Wolves zone.
18:53 of 3rd period - Aaron Luchuk is hit by Gregory Hofmann and loses puck.
19:15 of 3rd period - Blaine Byron is hit by Jack Rodewald and loses puck.
19:27 of 3rd period - Minor Penalty to Jamie Devane for Hooking.
19:28 of 3rd period - Mason Shaw wins face-off versus David Cotton in Wolves zone.
19:35 of 3rd period - Shot by Connor Corcoran.
19:35 of 3rd period - Stopped by Felix Sandström without a rebound.
19:36 of 3rd period - Brett Seney wins face-off versus Thomas Tynan in Wolves zone.
19:55 of 3rd period - Icing by Blaine Byron.
19:56 of 3rd period - Blaine Byron wins face-off versus Brett Seney in Crunch zone.
Goals for this period are 1 for Crunch vs 1 for Wolves.
Shots for this period are 10 for Crunch vs 7 for Wolves.